 Dungeon Crawl Stone Soup version 0.21.0 (webtiles) character file.

91 Rrauwl the Chucker (level 4, -3/49 HPs)
             Began as an Ogre Hunter on Jan 6, 2018.
             Slain by a gnoll (5 damage)
             ... on level 2 of the Dungeon on Jan 7, 2018.
             The game lasted 00:08:02 (1211 turns).

Rrauwl the Chucker (Ogre Hunter)                    Turns: 1211, Time: 00:08:03

Health: -3/49      AC:  3    Str: 18    XL:     4   Next: 57%
Magic:  4/4        EV: 10    Int: 12    God:
Gold:   104        SH: 11    Dex: 15    Spells: 3/3 levels left

rFire    . . .     SeeInvis .   a - +0 short sword
rCold    . . .     Gourm    .   e - +0 large shield
rNeg     . . .     Faith    .   b - +0 robe
rPois    .         Spirit   .   (helmet restricted)
rElec    .         Reflect  .   (no cloak)
rCorr    .         Harm     .   (gloves unavailable)
MR       .....     Clarity  +   (boots unavailable)
Stlth    +++.......             i - amulet of rage
HPRegen  0.16/turn              (no ring)
MPRegen  0.09/turn              (no ring)

@: agile
A: large, unfitting armour, clarity, strong 1, tough skin 1, MP-powered wands
a: Evoke Berserk Rage


You were on level 2 of the Dungeon.
You were not hungry.

You visited 1 branch of the dungeon, and saw 2 of its levels.

You collected 104 gold pieces.

Inventory:

Hand Weapons
 a - a +0 short sword (weapon)
Missiles
 c - a large rock (quivered)
Armour
 b - a +0 robe (worn)
 e - a +0 large shield (worn)
Jewellery
 i - an amulet of rage (around neck)
Scrolls
 g - a scroll of fear
 j - 2 scrolls of identify
Potions
 h - a potion of agility
Comestibles
 f - 4 rations
 k - 3 chunks of flesh


   Skills:
 + Level 4.5 Fighting
 + Level 4.9 Throwing
 - Level 2.1 Dodging
 - Level 0.6 Stealth


You had 3 spell levels left.
You didn't know any spells.

Dungeon Overview and Level Annotations

Branches:
Dungeon (2/15)

Altars:
Ashenzari


Innate Abilities, Weirdness & Mutations

You are too large for most types of armour.
You have tough skin. (AC +1)
You possess an exceptional clarity of mind.
Your muscles are strong. (Str +2)
You expend magic power (3 MP) to strengthen your wands.


Message History

The gnoll shaman hits you with a club.
* * * LOW HITPOINT WARNING * * *
The gnoll shaman calls upon its god to heal the gnoll.
The gnoll's wounds heal themselves!
You hit the gnoll shaman.
You kill the gnoll shaman!
The gnoll hits you.
* * * LOW HITPOINT WARNING * * *
You block the gnoll's attack.
A gnoll comes into view. It is wielding a halberd.
The gnoll hits you.
* * * LOW HITPOINT WARNING * * *
You block the gnoll's attack.
The gnoll is no longer moving quickly.
You see here a large rock.
c - a large rock The gnoll hits you.
* * * LOW HITPOINT WARNING * * *
The gnoll hits you.
You die...

#.# #%# #.......#. #.# #.#
#.......#. #.####### ####.##
#.......#. #....... ..g..
+......... #.#... #.#.#
#.......#.
#.#.#########.#.######.......#.
#>..........gg......##...)...#.
#.#.###########g###.##.......#.
#.#.#......(.)@(# #.##.......#.
#g#.+.(..?......###'##.......#.
#.###...........#.....#####+##.
#..)g...........#.....#####.##.
#####...........+.....')...)...
#####+#+#####.....#####.###
#.....# #.# #.....# #.# #...[.#
#.#


You could see a gnoll.

Vanquished Creatures
  A gnoll shaman (D:2)
  A gnoll (D:2)
  An ooze (D:1)
  3 dart slugs (D:1)
  2 leopard geckos (D:1)
  8 hobgoblins
  5 jackals (D:1)
  A ball python (D:1)
  5 bats (D:1)
  A frilled lizard (D:1)
  6 goblins
  2 kobolds (D:1)
  A rat (D:1)
37 creatures vanquished.

Notes
Turn   | Place    | Note
-------+----------+-------------------------------------------
     0 | D:1      | Rrauwl the Ogre Hunter began the quest for the Orb.
     0 | D:1      | Reached XP level 1. HP: 22/22 MP: 1/1
    85 | D:1      | Reached XP level 2. HP: 20/31 MP: 2/2
   347 | D:1      | Gained mutation: You expend magic power (3 MP) to strengthen your wands. [potion of mutation]
   347 | D:1      | Gained mutation: Your muscles are strong. (Str +2) [potion of mutation]
   347 | D:1      | Gained mutation: You possess an exceptional clarity of mind. [potion of mutation]
   673 | D:1      | Reached XP level 3. HP: 37/37 MP: 3/3
   774 | D:1      | Found a shattered altar of Ashenzari.
  1153 | D:2      | Reached XP level 4. HP: 41/48 MP: 4/4
  1210 | D:2      | HP: 2/49 [gnoll (5)]
  1211 | D:2      | Slain by a gnoll

Skill      XL: |  1  2  3 |
---------------+----------+-----
Fighting       | 3 4 |  4.5
Dodging        | 2 |  2.1
Throwing       | |  4.9
Stealth        | |  0.6

Action                   |  1- 3 |  4- 6 || total
-------------------------+-------+-------++-------
Melee: Short sword       |    83 |    14 ||    97
Throw: Large rock        |    34 |     3 ||    37
       Throwing net      |     2 |     2 ||     4
  Use: Scroll            |     6 |       ||     6
       Potion            |     2 |     1 ||     3
 Stab: Sleeping          |     1 |       ||     1
  Eat: Chunk             |     1 |       ||     1
Armor: Robe              |    42 |     2 ||    44
Dodge: Dodged            |    23 |     4 ||    27
Block: Large shield      |    72 |    20 ||    92
